 Dungeon Crawl Stone Soup version 0.13-a0-2606-g170388b (webtiles) character file.

131 topse123 the Grasshopper (level 2, 0/18 HPs)
             Began as a High Elf Warper on Aug 4, 2013.
             Slain by an inept door mimic (3 damage)
             ... on Level 1 of the Dungeon.
             The game lasted 00:08:36 (1201 turns).

topse123 the Grasshopper (High Elf Warper)          Turns: 1201, Time: 00:08:36

HP   0/18        AC  6     Str 10      XL: 2   Next: 93%
MP   4/4         EV 11     Int 16      God:
Gold 104         SH  0     Dex 14      Spells:  3 memorised,  1 level left

Res.Fire  : . . .   See Invis. : .   a - +0 elf short sword
Res.Cold  : . . .   Warding    : .   b - +0 elf leather armour
Life Prot.: . . .   Conserve   : .   (no shield)
Res.Poison: .       Res.Corr.  : .   (no helmet)
Res.Elec. : .       Clarity    : .   q - +2 cloak
Sust.Abil.: . .     Spirit.Shd : .   (no gloves)
Res.Mut.  : .       Stasis     : .   (no boots)
Res.Rott. : .       Flight     : .   (no amulet)
Saprovore : . . .                    (no ring)
                                     (no ring)

@: mildly poisoned, not resistant to hostile enchantments, unstealthy
A: no striking features
a: no special abilities


You were on level 1 of the Dungeon.
You were very hungry.

You visited 1 branch of the dungeon, and saw 2 of its levels.

You collected 54 gold pieces.

Inventory:

Hand weapons
 a - a +0,+0 elven short sword (weapon)
Missiles
 e - 4 darts (quivered)
 f - 5 darts of dispersal
Armour
 b - a +0 elven leather armour (worn)
 q - a +2 cloak (worn)
Comestibles
 g - 3 bread rations
 n - a choko
 s - a pear
Scrolls
 d - a scroll of blinking
 k - a scroll of fear {unknown}
 m - 2 scrolls of teleportation {unknown}
 o - a scroll of enchant armour {unknown}
Potions
 h - a potion of mutation {unknown}
 j - 3 potions of curing
 r - a potion of brilliance {unknown}
Books
 c - a book of Spatial Translocations

   Spells                             Type                      Level
   *Apportation                       Translocation                1
   *Portal Projectile                 Translocation                2
   *Blink                             Translocation                2
   Shroud of Golubria                 Charms/Translocation         2
   Teleport Other                     Translocation                3
   Passage of Golubria                Translocation                4


   Skills:
 + Level 2.3 Fighting
 + Level 2.5 Short Blades
 * Level 1.9 Throwing
 + Level 1.2 Armour
 + Level 2.4 Dodging
 + Level 2.6 Spellcasting
 + Level 3.3 Translocations


You had one spell level left.
You knew the following spells:

 Your Spells              Type           Power        Failure   Level  Hunger
a - Apportation           Tloc           ##........   6%          1    #......
b - Blink                 Tloc           N/A          10%         2    ##.....
c - Portal Projectile     Tloc           ##....       10%         2    ##.....


Dungeon Overview and Level Annotations

Branches:
Dungeon (2/27)

Altars:

Annotations
D:1 Mimic here


Message History

* * * LOW HITPOINT WARNING * * *
You feel sick.
You see here a giant newt skeleton.
* * * LOW HITPOINT WARNING * * *
You feel sick.
All of the chunks of flesh in your inventory have completely rotted away.
* * * LOW HITPOINT WARNING * * *
You feel sick.
There is a stone staircase leading down here.
The inept door mimic snaps closed at you.
* * * LOW HITPOINT WARNING * * *
The inept door mimic grabs you.
You stop descending the stairs.
Level annotation: Mimic here Welcome back, topse123 the High Elf Warper.
Press ? for a list of commands and other information.
You escape the inept door mimic's grasp.
There is a staircase leading out of the dungeon here.
Are you sure you want to leave the Dungeon?
This will make you lose the game!
The inept door mimic snaps closed at you.
You die...

...>###.##.#.......# #.# ##
....###.##.#.#####.#########.###
#####..........................#
..........##.#####.#####.......#
#####.....##.## #..............#
#####.........# #..............#
....[.........# #.......########
#####........######.....#
.............#.>@.#.....#
#####.)......#.+..#.....#
#........#§§§§#.....#
#........#§§§§#.....#
#........#§§§§#.....#
#############§..##### #####


You could see an inept door mimic.

Vanquished Creatures
  An ooze (D:1)
  3 goblins (D:1)
  2 hobgoblins (D:1)
  3 jackals (D:1)
  2 kobolds (D:1)
  2 bats (D:1)
  A giant cockroach (D:1)
  4 giant newts (D:1)
  7 rats
25 creatures vanquished.

Notes
Turn   | Place    | Note
--------------------------------------------------------------
     0 | D:1      | topse123, the High Elf Warper, began the quest for the Orb.
     0 | D:1      | Reached XP level 1. HP: 13/13 MP: 2/2
   224 | D:1      | Reached skill level 1 in Armour
   265 | D:1      | Reached XP level 2. HP: 11/18 MP: 4/4
   289 | D:1      | Learned a level 2 spell: Blink
   292 | D:1      | Learned a level 2 spell: Portal Projectile
  1201 | D:1      | Slain by an inept door mimic

Action                   || total
-------------------------++-------
Melee: Short sword       ||   107
Throw: Dart              ||    30
       Dagger            ||     5
 Cast: Blink             ||     7
  Use: Potion            ||     1
